AoeStats
← Sweetcoman

Arena

507692543Analyzed
2v2 RM · 14d ago on Sep 19, 2026· 35m 2s· 4 players
Game mode
Random Map
Map size
Medium (4 player)
Population
200
Speed
Normal
Resources
Standard
Victory
Conquest
Starting age
Dark Age
Ending age
Imperial Age
RankedLock teamsTeams togetherTeam positionsShared explorationLock speedFull tech treeHidden civsTurbo modeCheats
Victory
Defeat
🇬🇧 Huns · United Kingdom
1030
+19
🇩🇪 Magyars · Germany
949
+31
🇳🇱 Aztecs · Netherlands
1116
-22
🇺🇸 Lithuanians · United States
1077
-20
iBenj
10:34 Feudal Age
11:16 Double-Bit Axe
13:32 Loom
16:16 Castle Age
24:23 Forging
28:21 Bloodlines
28:12 Husbandry
30:45 Imperial Age
33:31 Marauders
35:23 Iron Casting
sim.k
10:13 Feudal Age
11:22 Double-Bit Axe
11:18 Horse Collar
18:33 Castle Age
17:44 Bloodlines
17:52 Gold Mining
18:49 Light Cavalry
19:30 Husbandry
21:31 Wheelbarrow
20:43 Town Watch
21:28 Heavy Plow
21:49 Bow Saw
22:58 Scale Barding Armor
23:49 Loom
27:16 Devotion
28:48 Hand Cart
31:00 Fletching
33:31 Gold Shaft Mining
32:47 Stone Mining
Sweetcoman
5:19 Loom
13:08 Feudal Age
18:18 Castle Age
16:22 Horse Collar
17:06 Fletching
17:28 Double-Bit Axe
18:28 Crossbowman
20:26 Bodkin Arrow
23:45 Padded Archer Armor
24:20 Bow Saw
24:26 Gold Mining
27:17 Leather Archer Armor
30:05 Ballistics
30:05 Squires
31:31 Pikeman
33:10 Gold Shaft Mining
34:49 Scale Mail Armor
34:59 Forging
34:49 Scale Mail Armor
Mourning Wood
11:29 Feudal Age
15:17 Castle Age
14:14 Double-Bit Axe
19:07 Fervor
21:19 Horse Collar
27:38 Forging
29:33 Bloodlines
30:05 Loom
30:38 Husbandry
30:48 Scale Barding Armor
31:19 Iron Casting
32:40 Heavy Plow
33:17 Wheelbarrow
Connection lost

Rejoining the realm…

Still unreachable

The connection could not be restored.

Session expired

The server has moved on; the page needs a fresh start.